 Seeded DCSS version 0.30.1-6-gbe392663c4 (webtiles) character file.

Game seed: 1416809328348268147 (custom seed)

13855 Psyclone the Eclecticist (level 11, -2/69 HPs)
             Began as a Deep Elf Ice Elementalist on Sept 20, 2023.
             Was an Initiate of Gozag.
             Slain by a komodo dragon (23 damage)
             ... on level 2 of the Lair of Beasts.
             The game lasted 00:54:53 (14137 turns).

Psyclone the Eclecticist (DEIE)                    Turns: 14137, Time: 00:54:54

Health: -2/69      AC: 19    Str:  9    XL:     11   Next: 81%
Magic:  23/32      EV: 21    Int: 31    God:    Gozag
Gold:   808        SH:  0    Dex: 15    Spells: 18/40 levels left

rFire   + + .        G - +3 short sword (freeze)
rCold   + . .        (no shield)
rNeg    . . .        L - +2 robe {Will+}
rPois   .            g - +0 helmet
rElec   .            n - scarf {rC+ rF+}
rCorr   .            y - +0 pair of gloves
SInv    +            t - +2 pair of boots
Will    ++...        (no amulet)
Stlth   ++           e - +6 ring of intelligence
HPRegen 0.31/turn    M - ring "Zeyfuim" {EV+5 Str+4}
MPRegen 0.23/turn

%: no passive effects
@: ice-armoured, gold aura, freezing walls
A: claws 1, see invisible, fire resistance 1
a: Renounce Religion, Potion Petition, Call Merchant, Bribe Branch


You were on level 2 of the Lair of Beasts.
You worshipped Gozag.
Gozag was pleased with you.
You visited 3 branches of the dungeon, and saw 14 of its levels.

You collected 2569 gold pieces.
You spent 603 gold pieces at shops.
You paid 1158 gold pieces to Gozag.

Inventory:

Hand Weapons
 a - a +2 mace of protection
 b - a +0 mace of holy wrath
 s - a +0 vampiric short sword
 G - a +3 short sword of freezing (weapon)
 J - a +0 dagger of flaming
Missiles
 j - 4 throwing nets {!f}
Armour
 g - a +0 helmet (worn)
 n - a scarf of resistance (worn)
 t - a +2 pair of boots (worn)
 y - a +0 pair of gloves (worn)
 H - a +0 cloak
 L - a +2 robe of willpower (worn)
Jewellery
 e - a +6 ring of intelligence (left hand)
 B - a +4 ring of slaying
 C - a ring of resist corrosion
 E - a ring of protection from cold
 M - the ring "Zeyfuim" (right hand) {EV+5 Str+4}
   (You found it on level 11 of the Dungeon)

   [ring of evasion]

   EV:        It affects your evasion (+5).
   Str:       It affects your strength (+4).
Wands
 x - a wand of roots (4)
 D - a wand of paralysis (12)
 F - a wand of polymorph (10)
 I - a wand of flame (47)
Scrolls
 c - 10 scrolls of identify {@r1}
 f - 3 scrolls of fog {unknown}
 k - 11 scrolls of teleportation
 l - 3 scrolls of enchant armour {unknown}
 m - 3 scrolls of magic mapping {unknown}
 o - 2 scrolls of butterflies {unknown}
 p - 3 scrolls of amnesia {unknown}
 q - a scroll of blinking {unknown}
 u - 2 scrolls of enchant weapon {unknown}
 v - 2 scrolls of torment {unknown}
 z - a scroll of fear
 K - 2 scrolls of silence {!r}
 N - a scroll of vulnerability
Potions
 d - 4 potions of lignification {unknown}
 h - 4 potions of curing {unknown}
 i - 5 potions of haste {unknown}
 r - 3 potions of resistance {unknown}
 w - 4 potions of mutation
 A - 2 potions of magic
 O - a potion of berserk rage
 P - a potion of heal wounds


   Skills:
 - Level 8.6 Fighting
 - Level 8.0 Dodging
 - Level 2.4 Stealth
 - Level 15.0 Spellcasting
 + Level 9.2 Conjurations
 + Level 9.2 Ice Magic


You had 18 spell levels left.
You knew the following spells:

 Your Spells              Type           Power      Damage    Failure   Level
a - Freeze                Ice            100%       1d10      1%          1
b - Frozen Ramparts       Ice            100%       1d16      1%          3
c - Ozocubu's Armour      Ice            69%        N/A       1%          3
d - Metabolic Englaciati  Hex/Ice        25%        N/A       9%          5
f - Freezing Cloud        Conj/Ice/Air   28%        6-21      4%          5
x - Irradiate             Conj/Tmut      25%        3d20      9%          5

Your spell library contained the following spells:

 Spells                   Type           Power      Damage    Failure   Level
 Kiss of Death            Conj/Necr      100%       2d13      1%          1
 Stone Arrow              Conj/Erth      100%       3d13      1%          3
 Cigotuvi's Dreadful Rot  Necr/Pois/Air  46%        N/A       3%          2
 Summon Ice Beast         Ice/Summ       51%        N/A       3%          4
 Call Canine Familiar     Summ           23%        N/A       6%          3
 Gell's Gravitas          Tloc           23%        N/A       6%          3
 Portal Projectile        Hex/Tloc       46%        N/A       6%          3
 Summon Guardian Golem    Hex/Summ       23%        N/A       6%          3
 Teleport Other           Tloc           23%        N/A       6%          3
 Animate Armour           Summ/Erth      46%        N/A       19%         4
 Dispel Undead            Necr           23%        3d12      19%         4
 Leda's Liquefaction      Hex/Erth       11%        N/A       19%         4
 Orb of Destruction       Conj           34%        9d10      36%         7
 Iron Shot                Conj/Erth      25%        9d5       41%         6
 Blade Hands              Tmut           11%        N/A       47%         5
 Lee's Rapid Deconstruct  Erth           11%        3d8*      47%         5
 Summon Mana Viper        Hex/Summ       23%        N/A       47%         5
 Spellforged Servitor     Conj/Summ      25%        N/A       94%         7
 Death Channel            Necr           11%        N/A       96%         6
 Dispersal                Tloc           11%        N/A       96%         6
 Statue Form              Tmut/Erth      15%        N/A       96%         6
 Dragon Form              Tmut           11%        N/A       100%        7
 Monstrous Menagerie      Summ           11%        N/A       100%        7
 Lehudib's Crystal Spear  Conj/Erth      25%        10d7      100%        8
 Simulacrum               Ice/Necr       Unusable   N/A       N/A         6

Dungeon Overview and Level Annotations

Branches:
Dungeon (11/15) Zot: 25022  Temple (1/1) D:7 Zot: 5783    Lair (2/5) D:9 Zot: 10908
    Orc (0/2) D:11
  Swamp: Lair:2-3    Shoals: Lair:2-3     Snake: Lair:2-3    Spider: Lair:2-3

Altars:
Ashenzari
Cheibriados
Dithmenos
Elyvilon
Fedhas
Gozag
Hepliaklqana
Kikubaaqudgha
Makhleb
Nemelex Xobeh
Okawaru
Qazlal
Ru
Sif Muna
Trog
Uskayaw
Vehumet
Wu Jian
Xom
Yredelemnul
Zin
The Shining One

Shops:
D:2 *   D:4 *   D:8 [   D:10 :


Innate Abilities, Weirdness & Mutations

You have sharp fingernails.
You have supernaturally acute eyesight. (SInv)
Your flesh is heat resistant. (rF+)


Message History

The wall freezes the wolf!
The wolf bites you!
A komodo dragon comes into view.
The wall freezes the komodo dragon but does no damage.
You take 7 damage, and have 62/69 hp.
You now have 21/32 mp.
Your +0 mace of holy wrath stops glowing.
Your +3 short sword of freezing glows with a cold blue light!
G - a +3 short sword of freezing (weapon)
The komodo dragon hisses angrily.
The wall freezes the wolf.
The wolf misses you.
The wall freezes the komodo dragon!
The komodo dragon seems to slow down.
The komodo dragon barely misses you.
You hit the komodo dragon but do no damage.
The komodo dragon is almost dead.
The wall freezes the komodo dragon but does no damage.
The wall freezes the wolf but does no damage.
The wolf misses you.
The wall freezes the komodo dragon!
You hit the komodo dragon. You freeze the komodo dragon.
The komodo dragon is almost dead.
The wall freezes the wolf.
You kill the wolf!
The wall freezes the komodo dragon!!
You kill the komodo dragon!
The wall freezes the komodo dragon!
The komodo dragon seems to slow down.
You barely miss the komodo dragon.
The komodo dragon is severely wounded.
You closely miss the komodo dragon.
The wall freezes the komodo dragon!
The komodo dragon seems to slow down.
The komodo dragon misses you.
The wall freezes the komodo dragon but does no damage.
The komodo dragon bites you!!
The wall freezes the wolf!
The yak bellows!
You take 24 damage, and have 39/69 hp.
MASSIVE DAMAGE!!
You hit the komodo dragon but do no damage.
The komodo dragon is moderately wounded.
The wall freezes the komodo dragon.
The komodo dragon seems to slow down.
The komodo dragon bites you!!
The wall freezes the wolf!
You kill the wolf!
The wall freezes the komodo dragon.
The komodo dragon seems to slow down.
The komodo dragon bites you!!
You die...
Your body crumbles into a pile of gold.

#........# ##.........#
#........#
####.........##
#.....<.####.###..P##..##
##<.>.....P#..##....###.#
#.#.#.P#..........###
#... ########...#.####.#
.P#. #..#### #.# ...
#..## #.# ### #.#@#
####.# .####.ll#......#
.......$........
}#.....Y####.l.. ##..#...
##.##.#. #. #.#.. .(# .#
... ..


You could see 2 komodo dragons and a yak.

Vanquished Creatures
  Harold (D:10)
  3 two-headed ogres
  An unseen horror (D:11)
  A cane toad (Lair:1)
  2 kobold demonologists (D:11)
  2 komodo dragons
  A troll (D:6)
  A shadow (D:11)
  2 wraiths (D:10)
  19 yaks
  2 basilisks (Lair:1)
  5 vampire mosquitoes
  2 wargs (D:9)
  An acid dragon (D:8)
  4 water moccasins
  Duvessa (D:4)
  4 ice beasts
  A black bear (D:7)
  5 orc warriors
  2 wolves (Lair:2)
  6 centaurs
  3 phantoms
  2 kobold brigands
  A scorpion (D:6)
  4 bullfrogs
  5 wights (D:10)
  Dowan (D:4)
  6 killer bees (D:7)
  5 howler monkeys
  7 electric eels
  7 hounds
  5 jellies
  10 orc priests
  2 sleepcaps
  4 iguanas
  15 orc wizards
  6 adders
  3 gnolls (D:5)
  A shadow imp (D:6)
  2 white imps
  2 ufetubi
  A worm (D:2)
  3 dart slugs
  50 orcs
  8 ball pythons
  2 bats
  8 endoplasms
  A giant cockroach (D:1)
  4 goblins
  3 hobgoblins
  6 jackals
  12 kobolds
  3 quokkas
  2 frilled lizards (D:2)
  4 rats
264 creatures vanquished.

Notes
Turn   | Place    | Note
-------+----------+-------------------------------------------
     0 | D:1      | Psyclone the Deep Elf Ice Elementalist began the quest for
                  | the Orb.
     0 | D:1      | Reached XP level 1. HP: 10/10 MP: 6/6
     0 | D:1      | Noticed a minotaur
     0 | D:1      | Noticed a gargoyle
     3 | D:1      | Noticed an elf
     5 | D:1      | Noticed a dwarf
     7 | D:1      | Noticed a dwarf
     8 | D:1      | Noticed a vine stalker
    10 | D:1      | Noticed an octopode
    10 | D:1      | Noticed an elf
    12 | D:1      | Noticed an octopode
    14 | D:1      | Noticed a demigod
    14 | D:1      | Noticed a gargoyle
    17 | D:1      | Noticed a demonspawn
    19 | D:1      | Noticed a vampire
    19 | D:1      | Noticed an octopode
   379 | D:2      | Reached skill level 5 in Ice Magic
   379 | D:2      | Reached XP level 2. HP: 9/15 MP: 0/8
   688 | D:4      | Reached XP level 3. HP: 13/19 MP: 6/9
   723 | D:4      | Learned a level 3 spell: Frozen Ramparts
   727 | D:4      | Learned a level 3 spell: Ozocubu's Armour
   770 | D:5      | Entered Level 5 of the Dungeon
   788 | D:5      | Reached XP level 4. HP: 19/24 MP: 3/10
   996 | D:5      | Reached XP level 5. HP: 27/28 MP: 2/11
  1080 | D:6      | Found an opulent altar of Gozag.
  1086 | D:6      | Became a worshipper of Gozag Ym Sagoz the Greedy
  1091 | D:6      | HP: 1/28 [ufetubus (4)]
  1213 | D:6      | Reached skill level 8 in Spellcasting
  1213 | D:6      | Reached XP level 6. HP: 44/44 MP: 12/19
  1952 | D:2      | Found a sparkling altar of Nemelex Xobeh.
  2003 | D:2      | Found Mockeeb's Assorted Antiques.
  2032 | D:2      | Bought a scroll labelled FETOIH OTWUMN for 21 gold pieces
  2032 | D:2      | Bought a scroll labelled HEIS VECWECUTE for 21 gold pieces
  2032 | D:2      | Bought a smoky purple potion for 18 gold pieces
  2341 | D:2      | Bought a scroll labelled HEIS VECWECUTE for 21 gold pieces
  2341 | D:2      | Bought a scroll labelled XYCWENOHEU for 21 gold pieces
  2341 | D:2      | Bought a scroll labelled INKEOXKO LUJOI for 21 gold pieces
  2439 | D:3      | Found an ornate altar of the Wu Jian Council.
  2578 | D:3      | Found a broken altar of Ashenzari.
  2585 | D:3      | Found a snail-covered altar of Cheibriados.
  2588 | D:3      | Found a hide-covered altar of Uskayaw.
  2588 | D:3      | Found a basalt altar of Yredelemnul.
  2777 | D:3      | Found a bloodstained altar of Trog.
  2983 | D:4      | Found Fateuv's General Store.
  3124 | D:4      | Noticed Duvessa
  3125 | D:4      | Noticed Dowan
  3135 | D:4      | Killed Duvessa
  3136 | D:4      | Reached XP level 7. HP: 32/48 MP: 9/21
  3157 | D:4      | Killed Dowan
  3589 | D:4      | Gained mutation: You have supernaturally acute eyesight.
                  | (SInv) [potion of mutation]
  3589 | D:4      | Gained mutation: Your flesh is heat resistant. (rF+)
                  | [potion of mutation]
  3589 | D:4      | Gained mutation: You have sharp fingernails. [potion of
                  | mutation]
  4063 | D:5      | Reached XP level 8. HP: 45/53 MP: 14/22
  4094 | D:5      | Reached skill level 9 in Spellcasting
  5418 | D:6      | Noticed a troll
  5428 | D:6      | Killed a troll
  5923 | D:6      | Reached skill level 10 in Spellcasting
  5923 | D:6      | Reached XP level 9. HP: 46/59 MP: 21/25
  6394 | D:7      | Reached skill level 11 in Spellcasting
  6443 | D:7      | Reached skill level 12 in Spellcasting
  6920 | D:7      | Found a staircase to the Ecumenical Temple.
  7058 | Temple   | Entered the Ecumenical Temple
  7414 | D:8      | Reached skill level 13 in Spellcasting
  7414 | D:8      | Reached XP level 10. HP: 64/64 MP: 22/29
  7427 | D:8      | Reached skill level 14 in Spellcasting
  7546 | D:8      | Found a transporter.
  7549 | D:8      | Found a transporter.
  7562 | D:8      | Noticed a two-headed ogre
  7573 | D:8      | Killed a two-headed ogre
  8398 | D:8      | Found a radiant altar of Vehumet.
  8398 | D:8      | Found a shadowy altar of Dithmenos.
  9261 | D:9      | Reached skill level 15 in Spellcasting
  9446 | D:9      | Found a staircase to the Lair.
 10079 | D:10     | Entered Level 10 of the Dungeon
 10247 | D:10     | Noticed Harold
 10255 | D:10     | Bought the Monograph on Blows for 480 gold pieces
 10263 | D:10     | Learned a level 5 spell: Freezing Cloud
 10283 | D:10     | Killed Harold
 10288 | D:10     | Reached XP level 11. HP: 20/69 MP: 20/32
 10715 | D:10     | Noticed a two-headed ogre
 10725 | D:10     | Killed a two-headed ogre
 11144 | D:11     | Reached skill level 5 in Conjurations
 11425 | D:11     | Found a staircase to the Orcish Mines.
 12303 | D:11     | Identified the ring "Zeyfuim" {EV+5 Str+4}
 12542 | D:11     | Noticed a two-headed ogre
 12555 | D:11     | Killed a two-headed ogre
 13058 | Lair:1   | Entered Level 1 of the Lair of Beasts
 13225 | Lair:1   | Learned a level 5 spell: Irradiate
 13425 | Lair:1   | Learned a level 5 spell: Metabolic Englaciation
 14137 | Lair:2   | Slain by a komodo dragon

Illustrated notes

Levels and vault maps discovered:
D:1:      shiori_arrival_whats_in_store_for_you, layout_basic
D:2:      layout_rooms, serial_shops, shop, basic_altar
D:3:      layout_rooms, lemuel_tele_altar, nicolae_overflow_hallway_of_the_gods,
          chequers_serial_rivers_small_3
D:4:      layout_cave_pods, serial_shops, kennysheep_mini, uniq_duvessa
D:5:      layout_basic
D:6:      layout_layer_cave, grunt_gozag_statues
D:7:      layout_basic, minmay_temple_entry_poolview
D:8:      gammafunk_steamed_eel, layout_layer_cave,
          gammafunk_temple_overflow_wave, minmay_door_square
D:9:      layout_cross, erik_lair_orcish_takeover,
          chequers_serial_rivers_micro_c
D:10:     layout_gridville, minmay_misc_feat_five,
          nicolae_kite_square_tiling_tiny, uniq_harold
D:11:     wad_lake_hut, layout_loops_ring, minmay_orc_entry_temple_small
Temple:   nicolae_temple_figure_eight
Lair:1:   layout_gridlike, infiniplex_staircase_pool
Lair:2:   layout_small_grid, spider_nest_entry_rubble, beast_lair_carwin_5,
          grunt_megastairs_3, lemuel_fruit_fields, serial_bayou_shore_a

Skill      XL: |  1  2  3  4  5  6  7  8  9 10 11 |
---------------+----------------------------------+-----
Ice Magic      | 5 6 7 8 9 |  9.2
Fighting       | 7 8 |  8.6
Dodging        | 7 8 |  8.0
Spellcasting   | 8 10 13 15 | 15.0
Conjurations   | 3 9 |  9.2
Stealth        | |  2.4

Action                     |  1- 3 |  4- 6 |  7- 9 | 10-12 || total
---------------------------+-------+-------+-------+-------++-------
  Melee: Dagger            |     5 |    20 |   111 |       ||   136
         Mace              |       |       |    93 |    92 ||   185
         Punch             |       |       |     2 |       ||     2
         Short sword       |       |       |       |    12 ||    12
   Cast: Freeze            |    30 |    53 |    19 |    43 ||   145
         Frozen Ramparts   |     1 |     8 |    44 |    44 ||    97
         Ozocubu's Armour  |     1 |     6 |    27 |    26 ||    60
         Freezing Cloud    |       |       |       |    34 ||    34
         Metabolic Englaci |       |       |       |     1 ||     1
 Invoke: Call Merchant     |       |       |       |     2 ||     2
    Use: Potion            |       |     1 |     1 |     1 ||     3
         Scroll            |       |     1 |       |     5 ||     6
   Stab: Sleeping          |     1 |     3 |     1 |       ||     5
 Armour: Robe              |     3 |    13 |    88 |    48 ||   152
  Dodge: Dodged            |    10 |    53 |   205 |   130 ||   398
